 Dungeon Crawl Stone Soup version 0.21-a0-200-gb89f83b (console) character file.

2955 Duffy the Covert (level 9, -9/45 HPs)
             Began as a Spriggan Enchanter on Aug 16, 2017.
             Was an Initiate of Kikubaaqudgha.
             Killed by divine providence
             ... invoked by an orc priest
              (13 damage)
             ... on level 8 of the Dungeon.
             The game lasted 00:14:30 (10362 turns).

Duffy the Covert (Spriggan Enchanter)              Turns: 10362, Time: 00:14:30

Health: -9/45      AC:  2    Str:  4    XL:     9   Next: 52%
Magic:  20/22      EV: 19    Int: 17    God:    Kikubaaqudgha [......]
Gold:   380        SH:  0    Dex: 24    Spells: 9/24 levels left

rFire    x . .     SeeInvis +   a - +1 dagger
rCold    + . .     Gourm    .   (shield restricted)
rNeg     . . .     Faith    .   b - +0 robe
rPois    .         Spirit   .   (helmet restricted)
rElec    .         Reflect  .   (no cloak)
rCorr    .         Harm     .   (gloves unavailable)
MR       +....                  (boots unavailable)
Stlth    +++++.....             h - amulet of rage
HPRegen  0.15/turn              f - ring of ice
MPRegen  0.18/turn              y - +5 ring of dexterity

@: very quick
A: unfitting armour, see invisible, herbivore 3, speed 3, slow metabolism 2
a: Renounce Religion, Evoke Berserk Rage


You were on level 8 of the Dungeon.
You worshipped Kikubaaqudgha.
Kikubaaqudgha was noncommittal.
You were not hungry.

You visited 2 branches of the dungeon, and saw 9 of its levels.

You collected 380 gold pieces.

Inventory:

Hand Weapons
 a - a +1 dagger (weapon)
Missiles
 z - a throwing net (quivered)
Armour
 b - a +0 robe (worn)
Jewellery
 f - a ring of ice (left hand)
 h - an amulet of rage (around neck)
 o - an uncursed ring of positive energy
 y - a +5 ring of dexterity (right hand)
Wands
 p - a wand of polymorph (19/24)
 D - a wand of random effects (20/48)
 F - a wand of random effects (26/48)
Scrolls
 c - 4 scrolls of identify {unknown}
 j - a scroll of teleportation {unknown}
 k - 2 scrolls of fog {unknown}
 m - a scroll of enchant weapon {unknown}
 q - a scroll of magic mapping {unknown}
 r - a scroll of recharging {unknown}
 v - a scroll of fear {unknown}
 A - 2 scrolls of amnesia {unknown}
 B - a scroll of immolation {unknown}
 C - a scroll of remove curse {unknown}
Potions
 e - 3 potions of curing {unknown}
 g - 4 potions of lignification {unknown}
 i - 2 potions of brilliance {unknown}
 l - 4 potions of agility {unknown}
 n - 2 potions of haste {unknown}
 s - a potion of resistance {unknown}
 t - a potion of flight {unknown}
 u - 2 potions of might {unknown}
 w - a potion of degeneration {unknown}
 x - a potion of heal wounds {unknown}
Comestibles
 d - 6 bread rations
 E - a royal jelly
 G - 2 fruits


   Skills:
 + Level 4.1 Fighting
 - Level 4.5 Short Blades
 - Level 3.0 Dodging
 + Level 11.2 Stealth
 + Level 8.4 Spellcasting
 + Level 8.5 Hexes


You had 9 spell levels left.
You knew the following spells:

 Your Spells              Type           Power        Failure   Level  Hunger
a - Ensorcelled Hibernat  Hex/Ice        ####..       2%          2    None
c - Confuse               Hex            #####...     1%          3    #......
h - Tukima's Dance        Hex            #####...     1%          3    #......
j - Dazzling Spray        Conj/Hex       ###...       4%          3    #......
k - Mephitic Cloud        Conj/Pois/Air  #.......     30%         3    #......
r - Corona                Hex            #####..      1%          1    None


Dungeon Overview and Level Annotations

Branches:
Dungeon (8/15)             Temple (1/1) D:7
   Lair: D:8-11

Altars:
Ashenzari
Cheibriados
Dithmenos
Elyvilon
Fedhas
Gozag
Hepliaklqana
Kikubaaqudgha
Makhleb
Nemelex Xobeh
Okawaru
Qazlal
Ru
Sif Muna
Uskayaw
Vehumet
Wu Jian
Xom
Yredelemnul
Zin
The Shining One


Innate Abilities, Weirdness & Mutations

You are very small and have problems with some larger weapons.
You are too small for most types of armour.
You have supernaturally acute eyesight. (SInv)
You are a herbivore.
You cover ground extremely quickly.
You need consume almost no food.


Message History

The eye of draining turns its gaze towards you.
The orc priest closely misses you.
The orc priest calls down the wrath of Beogh upon you.
Beogh smites you!
You closely miss the orc priest. The orc misses you.
The eye of draining gazes at you.
You feel your power leaking away.
You hit the giant cockroach.
The giant cockroach is moderately wounded.
The orc priest mumbles some strange prayers to Beogh against you.
Beogh smites you! The giant cockroach barely misses you.
The crimson imp blinks!
The orc hits you but does no damage.
The orc priest calls down the wrath of Beogh upon you.
Beogh smites you! The giant cockroach bites you.
There is a stone staircase leading up here.
The giant cockroach closely misses you.
The orc priest invokes the aid of Beogh against you.
Beogh smites you!
You die...
Kikubaaqudgha rasps: "You have failed me!
Welcome... death!"

## . .# ###.
######.
....##....?## #
............#.#
.............)##
.........$o....#
........o....#
.......@s.5..#
........oo...#
..../....o...0..
...............G.
....##.....##....
#### #####.# #...
.# #.. .#


You could see 2 orc priests, a crimson imp, 3 orcs and a giant cockroach.

Vanquished Creatures
  The ghost of p0werm0de the Gusty, a novice DsAE of Xom (D:6)
  A hippogriff (D:7)
  Sigmund (D:5)
  A dancing weapon (D:6)
  A hungry ghost (D:5)
  An orc warrior (D:7)
  2 black bears
  2 necrophages
  An ogre (D:6)
  A centaur (D:5)
  A big kobold (D:7)
  A wyvern zombie (D:6)
  2 bullfrogs
  A gnoll sergeant (D:6)
  3 crimson imps
  2 bullfrog zombies
  2 hounds
  5 orc wizards
  A centaur skeleton (D:7)
  3 orc priests
  An iguana (D:6)
  6 worker ants
  A hound skeleton (D:6)
  7 gnolls (D:6)
  11 adders
  A shadow imp (D:7)
  An adder zombie (D:6)
  2 adder skeletons (D:4)
  3 worms
  3 dart slugs
  7 leopard geckos
  20 orcs
  3 giant cockroaches
  10 goblins
  4 hobgoblins
  6 jackals
  A quokka (D:6)
  6 bats
  8 frilled lizards
  A giant cockroach zombie (D:6)
  9 kobolds
  A quokka zombie (D:7)
  5 rats
150 creatures vanquished.

Vanquished Creatures (collateral kills)
  A two-headed ogre (D:6)
1 creature vanquished.

Grand Total: 151 creatures vanquished

Notes
Turn   | Place    | Note
-------+----------+-------------------------------------------
     0 | D:1      | Duffy the Spriggan Enchanter began the quest for the Orb.
     0 | D:1      | Reached XP level 1. HP: 9/9 MP: 5/5
   985 | D:3      | Reached XP level 2. HP: 13/13 MP: 7/7
   989 | D:3      | Learned a level 2 spell: Ensorcelled Hibernation
  1178 | D:4      | Noticed a necrophage
  1292 | D:3      | Reached skill level 5 in Stealth
  1292 | D:3      | Reached XP level 3. HP: 16/16 MP: 8/8
  1297 | D:3      | Learned a level 3 spell: Confuse
  1397 | D:4      | Killed a necrophage
  1397 | D:4      | Reached XP level 4. HP: 21/21 MP: 1/10
  1628 | D:5      | Entered Level 5 of the Dungeon
  1631 | D:5      | Noticed a centaur
  1778 | D:5      | Reached skill level 6 in Stealth
  1778 | D:5      | Reached XP level 5. HP: 24/24 MP: 9/12
  1781 | D:6      | Noticed an ogre
  1781 | D:6      | Noticed a two-headed ogre
  1815 | D:6      | Learned a level 3 spell: Tukima's Dance
  1819 | D:6      | Learned a level 3 spell: Dazzling Spray
  2074 | D:6      | Noticed a black bear
  2269 | D:5      | Killed a centaur
  2474 | D:5      | Reached skill level 5 in Hexes
  2474 | D:5      | Reached XP level 6. HP: 13/28 MP: 8/13
  2484 | D:5      | Noticed a hungry ghost
  2888 | D:4      | Reached skill level 7 in Stealth
  5816 | D:4      | Reached skill level 5 in Spellcasting
  5816 | D:4      | Reached XP level 7. HP: 32/32 MP: 10/15
  5948 | D:5      | Killed a hungry ghost
  5948 | D:5      | Reached skill level 8 in Stealth
  6385 | D:5      | Noticed Sigmund
  6396 | D:5      | Killed Sigmund
  6396 | D:5      | Reached skill level 1 in Fighting
  6847 | D:5      | Reached XP level 8. HP: 34/37 MP: 0/18
  7390 | D:6      | Learned a level 3 spell: Mephitic Cloud
  7397 | D:6      | Reached skill level 9 in Stealth
  7506 | D:6      | Noticed p0werm0de's ghost (novice DsAE)
  8183 | D:6      | Killed p0werm0de's ghost
  8183 | D:6      | Reached skill level 10 in Stealth
  8319 | D:6      | Found an opulent altar of Gozag.
  8751 | D:6      | Killed a two-headed ogre
  8751 | D:6      | Reached XP level 9. HP: 34/44 MP: 5/21
  9362 | D:7      | Found an ornate altar of the Wu Jian Council.
  9682 | D:7      | Found a white marble altar of Elyvilon.
  9931 | D:7      | Reached skill level 11 in Stealth
  9942 | D:7      | Found a staircase to the Ecumenical Temple.
 10066 | Temple   | Entered the Ecumenical Temple
 10284 | Temple   | Became a worshipper of Kikubaaqudgha
 10362 | D:8      | Killed from afar by an orc priest

Vault maps used:
D:1:      nicolae_arrival_somewhat_less_tricky_arrival
D:3:      kennysheep_generic_room_7
D:4:      cheibrodos_old_hovel, first_bread
D:5:      lightli_corner_chamber, uniq_sigmund
D:6:      grunt_gozag_breadcrumbs
D:7:      kennysheep_little_box, lemuel_doored_altar, minmay_temple_entry_glass
D:8:      cheibrodos_iron_armory
Temple:   dpeg_five_rooms_temple

Skill      XL: |  1  2  3  4  5  6  7  8  9 |
---------------+----------------------------+-----
Spellcasting   | 3 4 5 6 7 8 |  8.4
Stealth        | 5 6 7 8 10 11 | 11.2
Hexes          | 4 5 6 8 |  8.5
Short Blades   | 2 3 4 |  4.5
Fighting       | 1 3 4 |  4.1
Dodging        | |  3.0

Action                   |  1- 3 |  4- 6 |  7- 9 || total
-------------------------+-------+-------+-------++-------
Melee: Dagger            |    72 |   272 |   191 ||   535
 Cast: Confuse           |     3 |     4 |    32 ||    39
       Ensorcelled Hiber |       |    60 |    70 ||   130
       Tukima's Dance    |       |       |     3 ||     3
 Stab: Sleeping          |     6 |    40 |    45 ||    91
       Confused          |     2 |     1 |    17 ||    20
       Distracted        |       |       |     1 ||     1
  Eat: Fruit             |       |     4 |     4 ||     8
       Royal jelly       |       |     1 |     1 ||     2
Armor: Robe              |     5 |    29 |    14 ||    48
Dodge: Dodged            |    54 |   266 |   197 ||   517
